 Dungeon Crawl Stone Soup version bcrawl-1.28.4 (webtiles) character file.

Game seed: 14272418693338489458

142692 pasperui the Sneak (level 5, -5/45 HPs)
             Began as a Naga Transmuter on Jan 5, 2021.
             Slain by a gnoll
             ... wielding a +0 halberd
              (15 damage)
             ... on level 3 of the Dungeon.
             The game lasted 00:06:36 (2075 turns).

pasperui the Sneak (Naga Transmuter)                Turns: 2075, Time: 00:06:37

Health: -5/45      AC:  2    Str: 13    XL:     5   Next: 3%
Magic:  8/8        EV: 10    Int: 13    God:
Gold:   131        SH:  0    Dex: 12    Spells: 7/8 levels left

rFire    . . .     SeeInvis +     - Fists (8.0)
rCold    . . .     Gourm    .   (no shield)
rNeg     . . .     Faith    .   b - +0 robe
rPois    +         Spirit   .   (no helmet)
rElec    .         Reflect  .   (no cloak)
rCorr    .         Harm     .   (no gloves)
MR       .....                  (no barding)
Stlth    +++.......             p - amulet of magic regeneration (curse)
HPRegen  0.15/turn              (no ring)
MPRegen  0.36/turn              (no ring)

@: hasted, quick
A: large, see invisible, deformed body, poison resistance, slowness 2, slow
metabolism 1, spit poison 1, AC +1
a: Spit Poison


You were on level 3 of the Dungeon.
You were hungry.

You visited 1 branch of the dungeon, and saw 3 of its levels.

You collected 131 gold pieces.

Inventory:

Missiles
 a - 120 arrows
 f - 25 curare-tipped needles
 j - 497 sling bullets
 r - 328 stones (quivered)
Armour
 b - a +0 robe (worn)
 m - a +0 pair of gloves
Jewellery
 p - a cursed amulet of magic regeneration (around neck)
Scrolls
 d - 3 scrolls of identify
 g - a scroll of amnesia {unknown}
 i - 2 scrolls of enchant weapon {unknown}
 q - a scroll of teleportation {unknown}
 s - a scroll of fog {unknown}
 u - a scroll of fear {unknown}
Potions
 c - a potion of heal wounds {unknown}
 h - a potion of brilliance {unknown}
 k - a potion of haste
 l - 2 potions of lignification
 o - a potion of curing {unknown}
 t - a potion of experience {unknown}
 v - a potion of flight {unknown}
 w - 2 potions of degeneration {unknown}
Comestibles
 e - 3 rations {!d}
 n - 4 chunks of flesh


   Skills:
 - Level 2.0 Fighting
 - Level 1.5 Dodging
 - Level 4.5 Stealth
 * Level 4.1 Unarmed Combat
 - Level 2.0 Spellcasting
 - Level 2.0 Transmutations


You had 7 spell levels left.
You knew the following spells:

 Your Spells              Type           Power        Failure   Level  Hunger
a - Beastly Appendage     Tmut           #.....       11%         1    None

Your spell library contained the following spells:

 Spells                   Type           Power        Failure   Level  Hunger
 Sticks to Snakes         Tmut           #.......     17%         2    ##.....
 Passwall                 Tmut/Erth      #.......     26%         2    ##.....
 Spider Form              Tmut/Pois      #..          45%         3    ####...
 Ice Form                 Ice/Tmut       #.......     86%         4    ######.
 Blade Hands              Tmut           #.........   97%         5    #######


Dungeon Overview and Level Annotations

Branches:
Dungeon (3/12)

Altars:


Innate Abilities, Weirdness & Mutations

You cannot wear boots.
Your serpentine skin is tough. (AC +1)
You have supernaturally acute eyesight. (SInv)
Armour fits poorly on your strangely shaped body.
Your system is resistant to poisons. (rPois)
You cover ground very slowly.
You have a slow metabolism.
You can spit poison.


Message History

You completely miss the gnoll. You headbutt the gnoll.
You kill the gnoll!
The gnoll barely misses you.
You have reached level 5!
The gnoll hits you with a +0 halberd!
* * * LOW HITPOINT WARNING * * *
Items here: ))) ? †† You hit the gnoll.
The gnoll is moderately wounded.
You hit the gnoll.
The gnoll is heavily wounded.
Your horns disappear.
The gnoll closely misses you.
You barely miss the gnoll.
The gnoll is heavily wounded.
You barely miss the gnoll.
The gnoll is heavily wounded.
You have got your breath back.
The gnoll hits you with a +0 halberd!
You die...

#..♣.≈.≈.≈≈♣..##8..
#..†≈≈≈.≈≈≈...#
#.≈P≈≈≈≈≈≈≈≈.##
#.≈≈≈≈≈≈≈≈≈.P#
#P≈≈.≈≈.≈≈≈P.#
#.P≈≈♣≈≈.≈≈..#
#..P#....P#.##
##.##########
#..@g......
###########


You could see a gnoll.

Vanquished Creatures
  An adder (D:3)
  3 gnolls (D:3)
  An ooze (D:2)
  5 worms
  2 dart slugs
  4 leopard geckos
  An orc (D:2)
  A giant cockroach (D:1)
  5 hobgoblins
  6 kobolds
  10 bats
  2 frilled lizards (D:2)
  7 goblins
  9 rats
57 creatures vanquished.

Notes
Turn   | Place    | Note
-------+----------+-------------------------------------------
     0 | D:1      | pasperui the Naga Transmuter began the quest for the Orb.
     0 | D:1      | Reached XP level 1. HP: 18/18 MP: 3/3
    26 | D:1      | Reached skill level 1 in Stealth
   134 | D:1      | Reached XP level 2. HP: 3/25 MP: 5/5
   626 | D:1      | Reached XP level 3. HP: 24/31 MP: 6/6
  1309 | D:2      | Reached XP level 4. HP: 39/39 MP: 7/7
  2071 | D:3      | Reached XP level 5. HP: 20/45 MP: 8/8
  2075 | D:3      | Slain by a gnoll

Skill      XL: |  1  2  3  4 |
---------------+-------------+-----
Stealth        | 2 4 |  4.5
Fighting       | 2 |  2.0
Unarmed Combat | 4 |  4.1
Dodging        | |  1.5
Spellcasting   | |  2.0
Transmutations | |  2.0

Action                   |  1- 3 |  4- 6 || total
-------------------------+-------+-------++-------
Melee: Unarmed           |    98 |    48 ||   146
       Punch             |     3 |       ||     3
       Headbutt          |    11 |     3 ||    14
 Cast: Beastly Appendage |    21 |     8 ||    29
 Abil: Spit Poison       |    15 |     5 ||    20
  Use: Potion            |     1 |     1 ||     2
 Stab: Sleeping          |     5 |     2 ||     7
  Eat: Chunk             |     4 |     3 ||     7
Armor: Skin              |     3 |       ||     3
       Robe              |    14 |     7 ||    21
Dodge: Dodged            |    47 |    19 ||    66
